 Dungeon Crawl Stone Soup version 0.26.1-2-gb8aa6d0cf2 (webtiles) character file.

Game seed: 16902280019134268902

49485 promet the Fighter (level 14, -20/104 HPs)
             Began as a Minotaur Fighter on Feb 17, 2021.
             Was a High Priest of Yredelemnul.
             Killed from afar by a smoke demon (43 damage)
             ... with a ball of steam
             ... on level 3 of the Abyss on Feb 18, 2021.
             The game lasted 02:57:54 (21959 turns).

promet the Fighter (Minotaur Fighter)              Turns: 21959, Time: 02:57:55

Health: -20/104    AC: 14    Str: 18 (19) XL:     14   Next: 16%
Magic:  14/14      EV: 13    Int: 15      God:    Yredelemnul [*****.]
Gold:   668        SH:  0    Dex: 17 (19) Spells: 13/13 levels left

rFire    x . .     SeeInvis .   a - +11 falchion of Accidental Termination {freeze, *Noise rPois Int+8}
rCold    + . .     Faith    .   c - +2 kite shield
rNeg     . . .     Spirit   .   j - +0 plate armour
rPois    +         Reflect  .   (helmet restricted)
rElec    .         Harm     .   o - +2 cloak
rCorr    .         Rampage  .   (no gloves)
Will     ++...                  (no boots)
Stlth    ..........             (no amulet)
HPRegen  0.27/turn              V - +4 ring of evasion
MPRegen  0.14/turn              T - ring of ice

@: confused
A: retaliatory headbutt, horns 2, repulsion field 1, agile 2, clever 1,
[deformed body], [deterioration 2], [frail 3], [low mp 2], strong-willed 1,
robust 1, strong 1, [weak 2], evolution 1, [subdued magic 2], MP-powered wands
a: Renounce Religion, Recall Undead Slaves, Injury Mirror, Animate Dead, Drain
Life, Enslave Soul


You were on level 3 of the Abyss.
You worshipped Yredelemnul.
Yredelemnul was extremely pleased with you.
You visited 3 branches of the dungeon, and saw 18 of its levels.
You visited the Abyss 1 time.

You collected 1188 gold pieces.
You spent 520 gold pieces at shops.

Inventory:

Hand Weapons
 a - the +11 falchion of Accidental Termination (weapon) {freeze, *Noise rPois Int+8}
   (You found it on level 11 of the Dungeon)

   It has been specially enchanted to freeze those struck by it, causing extra
   injury to most foes and up to half again as much damage against particularly
   susceptible opponents.
   It can also slow down cold-blooded creatures.
   It affects your intelligence (+8).
   It protects you from poison.
   It may make noises in combat.
 b - a +3 vorpal hand crossbow
 x - a +6 vorpal spear
 y - a +2 flail
 A - a +0 hunting sling
 L - a +5 vorpal long sword
Missiles
 f - 102 sling bullets
 h - 753 stones
 l - 355 arrows
 m - 25 poisoned darts (quivered)
 t - 4 throwing nets
 v - 2 javelins
 M - 82 bolts
 R - 5 atropa-tipped darts
Armour
 c - a +2 kite shield (worn)
 j - a +0 plate armour (worn)
 o - a +2 cloak (worn)
Jewellery
 u - an uncursed ring of flight
 E - an uncursed amulet of faith
 O - an uncursed ring of positive energy
 Q - the amulet of Gaeleoj {RegenMP rPois rF+ Stlth+}
   (You acquired it on level 1 of the Lair of Beasts)

   [amulet of magic regeneration]

   It increases your magic regeneration.
   It protects you from fire.
   It protects you from poison.
   It makes you more stealthy.
 T - a ring of ice (right hand)
 V - a +4 ring of evasion (left hand)
 W - a +4 ring of evasion
Wands
 r - a wand of random effects (64)
 B - a wand of paralysis (10)
 C - a wand of polymorph (10)
 Y - a wand of acid (11)
Scrolls
 e - 2 scrolls of blinking
 i - 9 scrolls of amnesia
 n - 8 scrolls of teleportation
 q - a scroll of fog
 w - 4 scrolls of remove curse
 D - 5 scrolls of identify
 F - a scroll of summoning
 G - 2 scrolls of fear
 J - a scroll of brand weapon
Potions
 d - 5 potions of might
 g - 2 potions of brilliance
 p - 6 potions of cancellation
 s - a potion of magic
 z - 6 potions of curing
 I - 3 potions of lignification
Miscellaneous
 H - a lightning rod (3/4)
 P - a condenser vane (inert)
 S - a tin of tremorstones (2/2)
 Z - a box of beasts


   Skills:
 * Level 13.9 Fighting
 + Level 13.8 Long Blades
 + Level 2.0(3.2) Axes
 + Level 0.7(1.4) Maces & Flails
 + Level 3.9(4.1) Polearms
 + Level 4.9(5.7) Slings
 + Level 1.2 Crossbows
 + Level 4.0(5.0) Throwing
 + Level 12.8 Armour
 + Level 2.9 Dodging
 + Level 3.3 Stealth
 + Level 13.2 Shields
 + Level 6.5 Invocations
 + Level 1.0 Evocations


You had 13 spell levels left.
You didn't know any spells.
Your spell library contained the following spells:

 Spells                   Type           Power        Failure   Level
 Animate Skeleton         Necr           0%           99%         1
 Apportation              Tloc           0%           99%         1
 Corona                   Hex            0%           99%         1
 Magic Dart               Conj           0%           99%         1
 Summon Small Mammal      Summ           0%           99%         1
 Blink                    Tloc           N/A          100%        2
 Call Imp                 Summ           0%           100%        2
 Searing Ray              Conj           0%           100%        2
 Slow                     Hex            0%           100%        2
 Call Canine Familiar     Summ           0%           100%        3
 Confusing Touch          Hex            0%           100%        3
 Conjure Flame            Conj/Fire      0%           100%        3
 Dazzling Flash           Conj/Hex       0%           100%        3
 Gell's Gravitas          Tloc           0%           100%        3
 Lesser Beckoning         Tloc           0%           100%        3
 Mephitic Cloud           Conj/Pois/Air  0%           100%        3
 Summon Guardian Golem    Hex/Summ       0%           100%        3
 Tukima's Dance           Hex            0%           100%        3
 Fulminant Prism          Conj/Hex       0%           100%        4
 Iskenderun's Mystic Bla  Conj/Tloc      0%           100%        4
 Petrify                  Tmut/Erth      0%           100%        4
 Summon Ice Beast         Ice/Summ       0%           100%        4
 Summon Lightning Spire   Summ/Air       0%           100%        4
 Alistair's Intoxication  Tmut/Pois      0%           100%        5
 Metabolic Englaciation   Hex/Ice        0%           100%        5
 Yara's Violent Unravell  Hex/Tmut       0%           100%        5
 Invisibility             Hex            0%           100%        6


Dungeon Overview and Level Annotations

Branches:
Dungeon (11/15)            Temple (1/1) D:5            Lair (6/6) D:11
 Shoals (0/4) Lair:2       Spider (0/4) Lair:3          Orc (0/2) D:11
  Slime: Lair:5-6

Altars:
Cheibriados
Dithmenos
Gozag
Kikubaaqudgha
Makhleb
Ru
Sif Muna
Trog
Vehumet
Xom
Yredelemnul
The Shining One
Jiyva

Shops:
D:5 }

Annotations:
Lair:5 1 runed translucent door


Innate Abilities, Weirdness & Mutations

You reflexively headbutt those who attack you in melee.
You have a pair of horns on your head.
You are surrounded by a mild repulsion field. (EV +2)
You are very agile. (Dex +4)
Your mind is acute. (Int +2)
You are strong-willed. (Will+)
You are robust. (+10% HP)
Your muscles are strong. (Str +2)
You evolve.
You expend magic power (3 MP) to strengthen your wands.
[Armour fits poorly on your strangely shaped body.]
[Your body often deteriorates upon taking damage.]
[You are extremely frail. (-30% HP)]
[Your magical capacity is very low. (-20% MP)]
[You are very weak. (Str -4)]
[Your spells are easier to cast, but less powerful.]


Message History

You destroy the small abomination!
Yredelemnul accepts your kill.
You closely miss the smoke demon. You headbutt the smoke demon!
The smoke demon is severely wounded.
The smoke demon gestures at you. Something smites you!
* * * LOW HITPOINT WARNING * * *
You are confused.
You feel invigorated.
The smoke demon hits you but does no damage. x2
The smoke demon hits you.
* * * LOW HITPOINT WARNING * * *
You slash the smoke demon! You freeze the smoke demon.
Your headbutt misses the smoke demon.
The smoke demon is almost dead.
You're too confused to move!
The smoke demon gestures at you. The ball of steam hits you!!!
The steam scalds you terribly!
You die...
Your body rises from the dead as a mindless zombie.

#§ # . ##.#
... #. ... ♣
#( ###
...♣♣♣......#
♣.... .##.
♣.......# # ♣
...(.###
######.....#@#
.........3!#
.8....##.#####
. 8 #. .###
#(..8. ... . #
. 8.. (.. . .
. . . .. # .
#( . [. ###


You could see a smoke demon.

Vanquished Creatures
  Rupert (Lair:4)
  A tentacled starspawn (Abyss:3)
  Snorg (Lair:5)
  10 hydras
  A two-headed ogre (D:11)
  2 wretched stars (Abyss:3)
  A necromancer (Lair:4)
  Maurice (D:8)
  Psyche (D:8)
  7 black mambas
  11 elephants
  18 cane toads
  7 komodo dragons
  2 rime drakes (Lair:6)
  An efreet (Abyss:3)
  A demonic crawler (Lair:3)
  A polar bear (Lair:2)
  A hornet (D:10)
  Prince Ribbit (D:7)
  A meliai zombie (D:10)
  A slime creature (Lair:3)
  2 dream sheep (Lair:6)
  4 blink frogs (Lair:5)
  A flying skull (Abyss:3)
  A shadow (D:11)
  2 wyverns
  29 yaks
  A wraith (D:11)
  Grum (D:8)
  A small abomination (Abyss:3)
  4 basilisks
  17 water moccasins
  A sky beast (D:7)
  3 orc warriors
  2 ice beasts (D:9)
  A phantom (D:8)
  4 black bears
  A fire dragon simulacrum (Abyss:3)
  3 ogres
  10 wolves
  5 centaurs
  9 bullfrogs
  A gnoll sergeant (D:5)
  4 scorpions
  A wyvern skeleton (D:10)
  A water moccasin skeleton (D:4)
  12 killer bees
  17 wights
  2 howler monkeys
  2 electric eels
  4 jellies
  A bullfrog zombie (D:7)
  A centaur skeleton (D:7)
  4 hounds
  Crazy Yiuf (D:4)
  5 orc priests
  6 orc wizards
  2 bullfrog skeletons
  3 iguanas
  5 worker ants
  7 hell rats
  2 wolf simulacra (Lair:4)
  2 polar bear simulacra (Lair:4)
  A killer bee zombie (D:8)
  A hound skeleton (D:4)
  4 gnolls (D:5)
  13 adders
  3 shadow imps
  4 white imps
  2 ufetubi
  14 oozes
  An adder skeleton (D:2)
  4 worms
  4 dart slugs
  6 leopard geckos
  35 orcs
  6 giant cockroaches
  9 goblins
  4 hobgoblins
  12 jackals
  6 quokkas
  7 bats
  5 frilled lizards
  7 kobolds
  A leopard gecko zombie (D:8)
  A quokka skeleton (D:4)
  A quokka zombie (D:8)
  6 rats
  3 river rat simulacra (Lair:4)
416 creatures vanquished.

Vanquished Creatures (collateral kills)
  Harold (Lair:1)
  A hydra (Lair:6)
  An oklob plant (Lair:6)
  12 elephants
  A black mamba (Lair:6)
  2 cane toads
  A rime drake (Lair:6)
  3 komodo dragons
  A polar bear (Lair:6)
  2 dream sheep (Lair:6)
  A blink frog (Lair:6)
  10 yaks
  3 wyverns
  4 water moccasins
  A centaur (Lair:2)
  3 wolves
  A bullfrog (Lair:2)
  2 scorpions (Lair:3)
  An electric eel (Lair:3)
  A wight (D:8)
  3 jellies (Lair:3)
  2 yak simulacra (Lair:4)
  A worker ant (Lair:3)
  A polar bear simulacrum (Lair:4)
  A killer bee zombie (D:8)
  A wolf simulacrum (Lair:4)
  An adder (Lair:3)
  A white imp (D:8)
  3 oozes (Lair:3)
  A worm (Lair:3)
  2 orcs (D:8)
  A giant cockroach (Lair:3)
  A bush (Lair:3)
71 creatures vanquished.

Vanquished Creatures (others)
  7 flying skulls
  A wight (Lair:4)
  A worker ant (D:5)
  3 black mamba zombies
  2 mummies
  5 cane toad zombies
  A wyvern zombie (Lair:6)
  A human zombie (Lair:4)
  A komodo dragon zombie (Lair:6)
  A cane toad skeleton (Lair:3)
  5 elephant zombies (Lair:6)
  2 basilisk zombies
  2 adder zombies (Lair:3)
  A bullfrog zombie (Lair:3)
  A centaur zombie (Lair:2)
  4 hell rat zombies
  A howler monkey zombie (D:11)
  A jackal zombie (D:8)
  7 orc zombies
  3 scorpion zombies
  4 water moccasin zombies
  6 wolf zombies
  A worker ant zombie (D:10)
  5 yak zombies
  43 fungi
  57 plants
  2 starspawn tentacles (Abyss:3)
168 creatures vanquished.

Grand Total: 655 creatures vanquished

Notes
Turn   | Place    | Note
-------+----------+-------------------------------------------
     0 | D:1      | promet the Minotaur Fighter began the quest for the Orb.
     0 | D:1      | Reached XP level 1. HP: 19/19 MP: 0/0
    71 | D:1      | Found a broken altar of Ashenzari.
    81 | D:1      | Found a snail-covered altar of Cheibriados.
    81 | D:1      | Found a shimmering altar of Xom.
    83 | D:1      | Found a stormy altar of Qazlal.
    83 | D:1      | Found a stormy altar of Qazlal.
    83 | D:1      | Found a shadowy altar of Dithmenos.
   144 | D:1      | Reached XP level 2. HP: 25/27 MP: 1/1
   511 | D:1      | Gained mutation: You are agile. (Dex +2) [potion of
                  | mutation]
   511 | D:1      | Gained mutation: You evolve. [potion of mutation]
   511 | D:1      | Gained mutation: You are surrounded by a mild repulsion
                  | field. (EV +2) [potion of mutation]
   705 | D:2      | Reached XP level 3. HP: 33/33 MP: 2/2
   711 | D:2      | Reached skill level 1 in Dodging
   883 | D:2      | Reached XP level 4. HP: 36/40 MP: 3/3
   908 | D:2      | Gained mutation: You are very agile. (Dex +4) [evolution]
  1430 | D:2      | Found an opulent altar of Gozag.
  1953 | D:3      | Reached XP level 5. HP: 47/47 MP: 4/4
  2284 | D:4      | Noticed an ogre
  2293 | D:4      | Killed an ogre
  2332 | D:4      | Found a radiant altar of Vehumet.
  2370 | D:4      | Reached XP level 6. HP: 49/55 MP: 5/5
  2442 | D:4      | Reached skill level 1 in Slings
  2442 | D:4      | Reached skill level 5 in Shields
  2467 | D:4      | Reached skill level 5 in Fighting
  2598 | D:4      | Found a runed translucent door.
  2599 | D:4      | Noticed Crazy Yiuf
  2639 | D:4      | Killed Crazy Yiuf
  2640 | D:4      | Reached skill level 5 in Armour
  2830 | D:4      | Reached skill level 5 in Long Blades
  3457 | D:5      | Entered Level 5 of the Dungeon
  3483 | D:5      | Reached XP level 7. HP: 61/61 MP: 6/6
  3904 | D:5      | Found Opisier's Gadget Shop.
  4418 | D:5      | Found a shimmering blue altar of Sif Muna.
  4507 | D:5      | Found a staircase to the Ecumenical Temple.
  4517 | D:5      | Gained mutation: You are partially covered in thin metallic
                  | scales. (AC +2) [evolution]
  4524 | Temple   | Entered the Ecumenical Temple
  4565 | Temple   | Became a worshipper of Yredelemnul the Dark
  4879 | D:6      | Found a shimmering altar of Xom.
  4906 | D:6      | Reached XP level 8. HP: 60/70 MP: 7/7
  5557 | D:6      | Reached skill level 1 in Throwing
  5836 | D:6      | Reached * piety under Yredelemnul
  6465 | D:7      | Noticed Prince Ribbit
  6491 | D:7      | Killed Prince Ribbit
  6498 | D:7      | Reached XP level 9. HP: 79/79 MP: 8/8
  7347 | D:7      | Gained mutation: You are robust. (+10% HP) [evolution]
  7729 | D:8      | Reached ** piety under Yredelemnul
  7730 | D:8      | Reached skill level 1 in Axes
  7833 | D:8      | Noticed Maurice
  7854 | D:8      | Killed Maurice
  8027 | D:8      | Noticed Grum
  8046 | D:8      | Killed Grum
  8322 | D:8      | Noticed Psyche
  8334 | D:8      | Killed Psyche
  8335 | D:8      | Reached skill level 1 in Invocations
  8557 | D:8      | Lost mutation: You are partially covered in thin metallic
                  | scales. (AC +2) [evolution]
  8763 | D:8      | Reached XP level 10. HP: 90/95 MP: 10/10
  8898 | D:8      | You fall into a shaft and drop 2 floors!
  8898 | D:10     | Entered Level 10 of the Dungeon
  9214 | D:10     | Reached skill level 10 in Long Blades
 10261 | D:11     | Found a staircase to the Orcish Mines.
 10274 | D:11     | Reached *** piety under Yredelemnul
 10377 | D:11     | Found a staircase to the Lair.
 10474 | D:11     | Noticed a two-headed ogre
 10476 | D:11     | Reached skill level 1 in Polearms
 10487 | D:11     | Killed a two-headed ogre
 10488 | D:11     | Reached skill level 1 in Stealth
 12141 | D:5      | Bought a condenser vane for 520 gold pieces
 12286 | Lair:1   | Entered Level 1 of the Lair of Beasts
 12325 | Lair:1   | Noticed a black mamba
 12335 | Lair:1   | Killed a black mamba
 12336 | Lair:1   | Reached XP level 11. HP: 100/106 MP: 12/12
 12384 | Lair:1   | Noticed a six-headed hydra
 12386 | Lair:1   | Identified a scroll of acquirement
 12386 | Lair:1   | Acquired the amulet of Gaeleoj {RegenMP rPois rF+ Stlth+}
 12395 | Lair:1   | HP: 5/106 [six-headed hydra (8)]
 12397 | Lair:1   | HP: 1/106 [six-headed hydra (3)]
 12899 | D:11     | Identified the +11 falchion of Accidental Termination
                  | {freeze, *Noise rPois Int+8} (You found it on level 11 of
                  | the Dungeon)
 12905 | D:11     | Received a gift from Yredelemnul (2 flying skulls)
 13351 | Lair:1   | Killed a six-headed hydra
 13557 | Lair:1   | Noticed Harold
 13570 | Lair:1   | Killed Harold
 13622 | Lair:1   | Gained mutation: Your mind is acute. (Int +2) [evolution]
 14200 | Lair:2   | Found a staircase to the Shoals.
 14203 | Lair:2   | Received a gift from Yredelemnul (a mummy)
 14207 | Lair:2   | Reached skill level 10 in Fighting
 14207 | Lair:2   | Reached skill level 10 in Armour
 14303 | Lair:2   | Reached skill level 10 in Shields
 14563 | Lair:2   | Reached **** piety under Yredelemnul
 14824 | Lair:2   | Reached XP level 12. HP: 121/121 MP: 14/14
 15479 | Lair:3   | Gained mutation: You expend magic power (3 MP) to
                  | strengthen your wands. [evolution]
 15863 | Lair:3   | Found a glowing golden altar of the Shining One.
 15917 | Lair:3   | Found a hole to the Spider Nest.
 16361 | Lair:3   | Noticed a five-headed hydra
 16369 | Lair:3   | Killed a seven-headed hydra
 16707 | Lair:3   | Received a gift from Yredelemnul (a wight)
 17168 | Lair:4   | Noticed a four-headed hydra
 17183 | Lair:4   | Received a gift from Yredelemnul (a mummy)
 17345 | Lair:3   | Killed a four-headed hydra
 17863 | Lair:4   | Reached skill level 5 in Invocations
 18483 | Lair:5   | Noticed Rupert
 18501 | Lair:4   | Killed Rupert
 18554 | Lair:5   | Reached XP level 13. HP: 80/129 MP: 15/15
 18849 | Lair:5   | Gained mutation: You are strong-willed. (Will+) [evolution]
 18889 | Lair:5   | Found a runed translucent door.
 18889 | Lair:5   | Found a viscous altar of Jiyva.
 18902 | Lair:5   | Noticed Snorg
 18928 | Lair:5   | Killed Snorg
 19657 | Lair:6   | Entered Level 6 of the Lair of Beasts
 19955 | Lair:6   | Received a gift from Yredelemnul (5 flying skulls)
 20064 | Lair:6   | Gained mutation: Your muscles are strong. (Str +2)
                  | [evolution]
 20740 | Lair:6   | Reached ***** piety under Yredelemnul
 20740 | Lair:6   | Received a gift from Yredelemnul (3 flying skulls)
 20748 | Lair:6   | Reached skill level 1 in Crossbows
 21065 | Lair:6   | Reached skill level 1 in Evocations
 21482 | Lair:6   | Reached XP level 14. HP: 124/141 MP: 17/17
 21720 | Lair:6   | Cast into level 3 of the Abyss (a wizard)
 21735 | Abyss:3  | Noticed a tentacled starspawn
 21751 | Abyss:3  | Killed a tentacled starspawn
 21959 | Abyss:3  | Killed from afar by a smoke demon

Illustrated notes

Levels and vault maps discovered:
D:1:      dpeg_arrival_arbitrary_c, layout_basic, doesnt_xom_only_xom
D:2:      layout_basic, grunt_gozag_breadcrumbs, minmay_strange_pillars
D:3:      layout_loops_ring
D:4:      layout_cave_pods, kennysheep_little_box, uniq_crazy_yiuf_cottage
D:5:      layout_gridville, lemuel_coloured_pillars_altar,
          minmay_temple_entry_drinking_statues, serial_shops, shop,
          lemuel_flame_loot_1
D:6:      layout_rooms, lemuel_round_altar, amcnicky_mini_pool_medium
D:7:      layout_layer_cave, uniq_prince_ribbit1
D:8:      layout_basic, uniq_grum, uniq_psyche, uniq_maurice
D:9:      layout_basic, serial_co_window_serial, co_window_paths_a,
          co_window_corner_a, co_window_paths_b, co_window_cross_1,
          co_window_paths_b, co_window_corner_a, co_window_paths_a,
          co_window_corner_a, co_window_paths_b, co_window_broadway_a,
          co_window_of_opportunity_b, co_window_of_opportunity_c,
          co_window_broadway_b, co_window_broadway_a, glass_columns_a
D:10:     layout_roguey
D:11:     layout_small_grid, lair_entry_dummy, david_orc_2
Temple:   dpeg_five_rooms_temple
Lair:1:   layout_chaotic_city, uniq_harold
Lair:2:   layout_cave_pods, minmay_shoals_entry_centaurs, grunt_megastairs_3
Lair:3:   lemuel_slime, layout_chaotic_city, nicolae_spider_entry_non_spiders,
          basic_altar, st_stairs_6, cheibrodos_lair_reptile_den,
          serial_bayou_shore_a, infiniplex_staircase_pool_2
Lair:4:   layout_regular_city, st_stairs_8, eino_house_with_fridge
Lair:5:   layout_roguey, slime_altar_2, uniq_snorg, uniq_rupert
Lair:6:   evil_forest, layout_big_grid, enter_volcano_1, gauntlet_entry_generic,
          lemuel_fruit_tree
Abyss:3:  base:
D:14

Skill      XL: |  1  2  3  4  5  6  7  8  9 10 11 12 13 |
---------------+----------------------------------------+-----
Shields        | 4 5 6 7 9 10 11 13 | 13.2
Armour         | 4 5 7 8 9 10 11 12 | 12.8
Fighting       | 4 5 6 7 8 9 11 12 13 | 13.9
Long Blades    | 3 4 5 6 8 9 11 13 | 13.8
Dodging        | 1 2 |  2.9
Slings         | 1 2 3 4 |  4.9
Throwing       | 1 2 3 4 |  4.0
Axes           | 2 |  2.0
Invocations    | 1 3 4 5 6 |  6.5
Polearms       | 1 2 3 |  3.9
Stealth        | 1 2 3 |  3.3
Crossbows      | 1 |  1.2
Evocations     | 1 |  1.0
Maces & Flails | |  0.7

Action                   |  1- 3 |  4- 6 |  7- 9 | 10-12 | 13-15 || total
-------------------------+-------+-------+-------+-------+-------++-------
Melee: Long sword        |    59 |    97 |   246 |   219 |       ||   621
       Headbutt          |     9 |    22 |    72 |   165 |   105 ||   373
       War axe           |       |       |    10 |       |       ||    10
       Spear             |       |       |     8 |    28 |    25 ||    61
       Falchion          |       |       |       |   322 |   283 ||   605
       Flail             |       |       |       |     4 |       ||     4
 Fire: Hunting sling     |     2 |     8 |    22 |    17 |     2 ||    51
       Hand crossbow     |       |       |       |     4 |    10 ||    14
Throw: Javelin           |       |       |    18 |     2 |       ||    20
       Dart              |       |       |    18 |     9 |    16 ||    43
       Stone             |       |       |     3 |     3 |       ||     6
       Throwing net      |       |       |     2 |       |       ||     2
       Boomerang         |       |       |       |     7 |       ||     7
Invok: Animate Remains   |       |       |     8 |     5 |       ||    13
       Animate Dead      |       |       |       |    37 |    18 ||    55
       Recall Undead Sla |       |       |       |     2 |     1 ||     3
       Injury Mirror     |       |       |       |     1 |       ||     1
Evoke: Lightning rod     |       |       |       |     3 |     4 ||     7
       Condenser vane    |       |       |       |     1 |     2 ||     3
       Wand              |       |       |       |     1 |     4 ||     5
       Tin of tremorston |       |       |       |     1 |       ||     1
  Use: Scroll            |     6 |     4 |     7 |    17 |     9 ||    43
       Potion            |     4 |     4 |     2 |     4 |     4 ||    18
 Stab: Held in net/web   |       |       |     1 |       |       ||     1
       Distracted        |       |       |       |     8 |     2 ||    10
       Confused          |       |       |       |       |     5 ||     5
Armor: Scale mail        |    31 |    24 |    11 |       |       ||    66
       Plate armour      |       |       |   117 |   210 |   108 ||   435
Dodge: Dodged            |    42 |    21 |    90 |   184 |   140 ||   477
Block: Kite shield       |    45 |    70 |   192 |   416 |   195 ||   918
       Rpst.: Long sword |    12 |     6 |    22 |    14 |       ||    54
       Falchion          |       |       |       |    27 |    16 ||    43
